Map: Efflorescence LE

Players

Cthulhu - Winner!

  • Race: Protoss Protoss
  • Spawn Location: 3:00

Throwfordays - Winner!

  • Race: Protoss Protoss
  • League: Silver
  • Spawn Location: 12:00

ButtToast

  • Race: Zerg Zerg
  • Spawn Location: 9:00

CptCuddles

  • Race: Protoss Protoss
  • League: Platinum
  • Spawn Location: 6:00

VOD

Have the link to the VOD?

Description

Time

  • Played on: March 31, 2019, 9:07 p.m.
  • Length: 10:06
Show
View Real Time Build Order
Export as new Build Order

Cthulhu Protoss - Winner!

Build Orders:  

Get SALT Encoding   

  12  0:01  Probe  
  13  0:13  Probe  
  14  0:25  Pylon  
  14  0:27  Probe  
  15  0:43  Probe  
  15  0:45  Gateway  
  16  0:56  Probe  
  16  1:08  Probe  
  17  1:20  Pylon  
  17  1:34  Zealot  
  19  1:55  Pylon  
  19  2:04  Zealot  
  21  2:09  Assimilator  
  19  2:27  Cybernetics Core  
  19  2:35  Gateway, Zealot  
  21  2:54  Zealot, Probe  
  24  3:22  Zealot  
  26  3:34  Probe  
  26  3:40  Warp Gate  
  27  3:46  Probe  
  26  3:56  Zealot  
  26  3:58  Probe  
  29  4:09  Pylon  
  29  4:10  Probe  
  29  4:15  Stargate  
  30  4:22  Gateway  
  30  4:27  Assimilator, Probe  
  31  4:55  Zealot x2  
  29  5:06  Void Ray  
  35  5:27  Nexus  
  35  5:31  Pylon  
  35  5:33  Probe  
  36  5:43  Stalker  
  38  5:52  Assimilator  
  38  6:03  Void Ray  
  42  6:05  Zealot  
  44  6:15  Probe  
  45  6:25  Pylon  
  45  6:27  Probe  
  46  6:37  Forge  
  46  6:53  Void Ray, Probe  
  51  6:58  Stalker  
  51  6:59  Zealot  
  55  7:08  Twilight Council  
  55  7:11  Pylon  
  55  7:19  Stalker  
  55  7:21  Pylon  
  55  7:22  Zealot  
  55  7:55  Void Ray  
  56  7:58  Probe  
  56  8:02  Probe  
  56  8:03  Protoss Air Weapons Level 1  
  60  8:10  Probe x2  
  62  8:13  Stalker, Zealot x2  
  69  8:22  Probe  
  70  8:34  Probe  
  71  8:48  Pylon  
  71  9:05  Nexus, Probe x2  
  71  9:06  Pylon  
  73  9:21  Stalker x2  
  73  9:22  Stalker  
  60  9:51  Probe  
  59  9:55  Zealot  
  59  9:56  Zealot x2  
  65  10:01  Photon Cannon  
Show
View Real Time Build Order
Export as new Build Order

Throwfordays Protoss - Winner!

Build Orders: Nexus First 

Get SALT Encoding   

  12  0:01  Probe  
  13  0:13  Probe  
  14  0:19  Pylon  
  14  0:25  Probe  
  15  0:34  Probe  
  16  0:42  Probe  
  17  1:01  Nexus  
  17  1:05  Probe  
  9  1:44  Gateway  
  9  1:50  Probe  
  10  1:58  Probe  
  10  2:06  Probe  
  12  2:17  Probe  
  12  2:18  Probe  
  14  2:25  Probe  
  14  2:28  Probe  
  15  2:34  Probe  
  15  2:36  Probe  
  18  2:44  Probe  
  18  2:46  Probe  
  20  2:56  Probe  
  20  2:58  Probe  
  22  3:06  Forge  
  22  3:10  Probe  
  22  3:11  Assimilator  
  23  3:17  Assimilator, Probe  
  23  3:18  Probe  
  24  3:26  Probe  
  25  3:29  Probe  
  27  3:35  Cybernetics Core  
  27  3:36  Probe  
  28  3:41  Probe  
  28  3:42  Assimilator  
  29  3:48  Probe  
  29  3:51  Probe  
  31  3:59  Probe  
  31  4:00  Probe  
  32  4:09  Photon Cannon, Probe  
  33  4:13  Probe  
  33  4:14  Photon Cannon  
  35  4:18  Pylon  
  35  4:22  Pylon  
  35  4:25  Probe  
  36  4:35  Probe  
  37  4:40  Photon Cannon  
  37  4:43  Probe  
  37  4:49  Photon Cannon  
  37  4:51  Probe  
  38  4:57  Photon Cannon  
  39  5:00  Photon Cannon  
  39  5:02  Probe  
  39  5:05  Assimilator  
  40  5:07  Probe  
  40  5:10  Stargate  
  40  5:12  Stargate  
  42  5:14  Probe  
  42  5:19  Probe  
  43  5:21  Zealot  
  43  5:26  Probe  
  46  5:29  Warp Gate  
  46  5:31  Probe  
  47  5:36  Twilight Council  
  47  5:39  Cybernetics Core  
  47  5:43  Pylon, Protoss Shields Level 1  
  47  6:01  Stargate  
  47  6:17  Fleet Beacon  
  47  6:26  Nexus  
  47  6:28  Pylon  
  47  6:32  Pylon  
  47  6:34  Assimilator  
  47  6:38  Assimilator  
  47  6:47  Probe  
  48  6:49  Nexus, Probe  
  48  6:50  Pylon  
  48  6:53  Pylon  
  49  6:59  Probe  
  50  7:01  Probe  
  50  7:04  Carrier  
  57  7:11  Probe  
  57  7:13  Probe  
  57  7:14  Carrier  
  65  7:20  Stargate  
  65  7:23  Probe  
  65  7:26  Probe  
  67  7:35  Probe x2  
  68  7:38  Probe  
  68  7:43  Carrier, Probe  
  76  7:50  Probe  
  78  7:53  Probe  
  78  7:54  Protoss Air Weapons Level 1  
  78  7:55  Protoss Air Armor Level 1, Probe  
  80  8:02  Probe  
  81  8:07  Probe  
  82  8:14  Probe  
  82  8:16  Probe  
  82  8:17  Pylon  
  82  8:19  Pylon, Probe  
  85  8:21  Assimilator, Pylon  
  85  8:25  Assimilator  
  85  8:28  Probe  
  85  8:30  Probe  
  85  8:32  Probe  
  88  8:37  Probe  
  88  8:40  Probe  
  90  8:43  Probe  
  90  8:44  Probe  
  90  8:47  Carrier  
  98  8:49  Probe  
  98  8:52  Pylon, Probe  
  98  8:55  Probe  
  101  8:56  Probe  
  101  8:57  Carrier  
  101  9:02  Probe  
  109  9:05  Probe  
  109  9:07  Probe  
  111  9:17  Probe  
  112  9:19  Probe  
  113  9:29  Probe  
  127  9:31  Probe  
  127  9:41  Probe  
  127  9:43  Probe  
  129  9:53  Probe  
Show
View Real Time Build Order
Export as new Build Order

ButtToast Zerg 

Build Orders: Pool First 

Get SALT Encoding   

  12  0:03  Drone  
  13  0:39  Drone  
  5  1:35  Drone  
  5  1:36  Drone  
  4  2:06  Drone x2  
  6  2:23  Drone  
  6  2:29  Drone  
  8  2:47  Drone  
  8  2:48  Drone  
  10  2:59  Drone  
  10  3:02  Drone  
  12  3:13  Extractor  
  12  3:14  Drone  
  12  3:30  Spawning Pool  
  11  3:37  Drone  
  12  3:42  Drone  
  13  3:56  Drone  
  13  3:58  Overlord  
  14  4:20  Spine Crawler  
  14  4:23  Drone x2  
  15  4:30  Metabolic Boost  
  15  4:36  Drone  
  11  5:05  Drone  
  12  5:09  Drone  
  13  5:20  Spine Crawler  
  12  5:34  Drone x3  
  15  5:45  Drone  
  16  5:56  Drone  
  17  6:04  Spore Crawler  
  16  6:14  Spore Crawler  
  15  6:21  Spore Crawler  
  14  6:27  Spore Crawler  
  14  6:28  Drone  
  14  6:36  Spore Crawler  
  14  6:39  Spore Crawler  
  12  6:43  Drone  
  13  6:48  Drone  
  14  6:59  Overlord  
  14  7:10  Overlord  
  14  7:25  Drone  
  14  7:26  Drone  
  16  7:46  Spore Crawler  
  16  7:50  Spore Crawler  
  14  7:53  Drone x2  
  14  7:54  Spore Crawler  
  14  7:55  Drone  
  16  8:16  Lair  
  16  8:19  Zergling x2  
  17  8:20  Zergling x2  
  18  8:28  Drone  
  19  8:47  Zergling x2  
  18  9:04  Hatchery  
  17  9:10  Zergling x6  
  20  9:27  Zergling x2  
  20  9:29  Queen  
  23  9:36  Spire  
Show
View Real Time Build Order
Export as new Build Order

CptCuddles Protoss 

Build Orders:  

Get SALT Encoding   

  1  0:00  Probe  
  13  0:09  Probe  
  14  0:22  Probe  
  15  0:40  Pylon  
  15  1:17  Forge  
  15  1:39  Pylon  
  13  2:14  Pylon  
  12  2:16  Probe  
  13  2:24  Probe  
  14  2:33  Gateway  
  14  3:08  Photon Cannon  
  13  3:14  Photon Cannon  
  13  3:17  Photon Cannon  
  13  3:24  Zealot  
  12  3:27  Probe  
  12  3:28  Photon Cannon  
  15  3:35  Probe  
  14  3:45  Probe  
  14  3:57  Probe  
  15  4:06  Cybernetics Core  
  15  4:07  Probe  
  15  4:09  Assimilator  
  16  4:15  Probe  
  17  4:35  Probe  
  18  4:39  Assimilator  
  18  4:47  Probe  
  19  4:56  Gateway, Warp Gate  
  19  4:59  Probe  
  20  5:11  Probe  
  21  5:23  Probe  
  21  5:24  Pylon  
  21  5:27  Protoss Ground Weapons Level 1  
  23  5:35  Probe  
  23  5:46  Gateway  
  23  5:52  Photon Cannon  
  23  6:22  Robotics Facility  
  23  6:32  Probe  
  24  6:45  Stalker  
  24  6:46  Nexus  
  26  6:53  Stalker  
  28  7:02  Stalker  
  30  7:29  Pylon  
  30  7:47  Warp Prism  
  32  7:51  Protoss Ground Armor Level 1  
  32  7:57  Stalker  
  32  7:58  Stalker  
  36  7:59  Stalker  
  38  8:09  Probe  
  38  8:13  Pylon  
  38  8:17  Probe  
  40  8:27  Probe  
  41  8:38  Stalker x3  
  47  8:47  Observer  
  48  9:25  Stalker x3  
  28  9:53  Stalker x3  
Tags
 
Add a new tag
Caveats
  • Supply blocks, unpowered buildings, or Contaminate may cause inaccurate times.
  • Supply counts are checked every 10 seconds.